| TOP OF THE 1ST |
|
Chicago (APP) Cubs batting - Pitching for Miami (APP) Marlins : RHP Santiago Navarro
|
|
Pitching: RHP Santiago Navarro
|
|
|
Batting: SHB Jim Lloyd
|
0-0: Called Strike 0-1: Swinging Strike 0-2: Fly out, F8 (Flyball, 8LM, EV 90.6 MPH)
|
|
Batting: RHB Lencho Otieno
|
0-0: Ball 1-0: Ground out 4-3 (Groundball, 4M, EV 91.9 MPH)
|
|
Batting: RHB Andy Baumhardt
|
0-0: Called Strike 0-1: SINGLE (Groundball, 6MD, EV 107.5 MPH)
|
|
Batting: LHB Jose Mafano
|
0-0: Called Strike 0-1: Called Strike 0-2: Foul Ball, location: 2F 0-2: Strikes out looking
|
| Top of the 1st over - 0 runs, 1 hit, 0 errors, 1 left on base; Chicago (APP) 0 - Miami (APP) 0 |
| BOTTOM OF THE 1ST |
|
Miami (APP) Marlins batting - Pitching for Chicago (APP) Cubs : RHP Masato Iwase
|
|
Pitching: RHP Masato Iwase
|
|
|
Batting: RHB Terrell Smith
|
0-0: Called Strike 0-1: Ball 1-1: Fly out, F6 (Flyball, 56D, EV 88.8 MPH)
|
|
Batting: RHB Robbie Gomez
|
0-0: Called Strike 0-1: Ball 1-1: Fly out, F7 (Flyball, 7S, EV 80.0 MPH)
|
|
Batting: LHB Tony Olmos
|
0-0: Called Strike 0-1: Foul Ball, location: 2F 0-2: Foul Ball, location: 2F 0-2: Strikes out swinging
|
| Bottom of the 1st over - 0 runs, 0 hits, 0 errors, 0 left on base; Chicago (APP) 0 - Miami (APP) 0 |
| TOP OF THE 2ND |
|
Chicago (APP) Cubs batting - Pitching for Miami (APP) Marlins : RHP Santiago Navarro
|
|
Batting: RHB Jorge Gonzalez
|
0-0: Ball 1-0: Ball 2-0: Ball 3-0: Base on Balls
|
|
Batting: RHB Andy Villarreal
|
0-0: DOUBLE (Line Drive, 7LM, EV 99.4 MPH) Jorge Gonzalez to third
|
|
Batting: SHB Rob Craft
|
0-0: Ground out 6-3 (Groundball, 6, EV 87.5 MPH) Jorge Gonzalez scores Andy Villarreal to third
|
|
Batting: LHB Wilhelm Myers
|
0-0: Called Strike 0-1: Ball 1-1: Ball 2-1: Ball 3-1: Base on Balls
|
|
Batting: LHB Eddie Panagos
|
0-0: Bunt missed! 0-1: Ball 1-1: Foul Ball, location: 2F 1-2: Bunted foul, Strikeout!
|
|
Batting: SHB Jim Lloyd
|
0-0: Ball 1-0: Ball 2-0: Foul Ball, location: 2F 2-1: Foul Ball, location: 2F 2-2: SINGLE (Groundball, 34D, EV 96.9 MPH) Andy Villarreal scores Wilhelm Myers to second Runner from 2nd tries for 3rd, SAFE, throw by RF made to third
|
|
Batting: RHB Lencho Otieno
|
0-0: Called Strike 0-1: Called Strike Jim Lloyd steals 2nd, throwing error, E2 Wilhelm Myers scores Jim Lloyd to third 0-2: Ball 1-2: Strikes out looking
|
| Top of the 2nd over - 3 runs, 2 hits, 1 error, 1 left on base; Chicago (APP) 3 - Miami (APP) 0 |
| BOTTOM OF THE 2ND |
|
Miami (APP) Marlins batting - Pitching for Chicago (APP) Cubs : RHP Masato Iwase
|
|
Batting: RHB Adrian Bocker
|
0-0: Fly out, F4 (Flyball, 4D, EV 89.4 MPH)
|
|
Batting: RHB Axel Moltke
|
0-0: SINGLE (Groundball, 13S, EV 68.8 MPH) (infield hit)
|
|
Batting: LHB Freddy Monge
|
0-0: DOUBLE (Flyball, 78XD, EV 111.9 MPH) Axel Moltke to third Runner from 3rd tries for Home, throw by LF and OUT! 7-6-2 Freddy Monge to third
|
|
Batting: RHB Aaron Mamer
|
0-0: Called Strike 0-1: Hit by Pitch
|
|
Batting: RHB Francisco Valenzuela
|
0-0: Called Strike 0-1: DOUBLE (Line Drive, 89M, EV 86.9 MPH) Freddy Monge scores Aaron Mamer to third Runner from 3rd tries for Home, SAFE, no throw by RF
|
|
Batting: RHB Hektor Luvian
|
0-0: Ball 1-0: Ground out 6-3 (Groundball, 6, EV 86.9 MPH)
|
| Bottom of the 2nd over - 2 runs, 3 hits, 0 errors, 1 left on base; Chicago (APP) 3 - Miami (APP) 2 |
| TOP OF THE 3RD |
|
Chicago (APP) Cubs batting - Pitching for Miami (APP) Marlins : RHP Santiago Navarro
|
|
Batting: RHB Andy Baumhardt
|
0-0: Ball 1-0: Ball 2-0: Swinging Strike 2-1: Swinging Strike 2-2: Strikes out swinging
|
|
Batting: LHB Jose Mafano
|
0-0: Swinging Strike 0-1: Ball 1-1: Foul Ball, location: 2F 1-2: Strikes out looking
|
|
Batting: RHB Jorge Gonzalez
|
0-0: Ball 1-0: Ball 2-0: Ball 3-0: Called Strike 3-1: Fly out, F9 (Flyball, 9D, EV 100.6 MPH)
|
| Top of the 3rd over - 0 runs, 0 hits, 0 errors, 0 left on base; Chicago (APP) 3 - Miami (APP) 2 |
| BOTTOM OF THE 3RD |
|
Miami (APP) Marlins batting - Pitching for Chicago (APP) Cubs : RHP Masato Iwase
|
|
Batting: RHB Terrell Smith
|
0-0: Called Strike 0-1: Called Strike 0-2: Ball 1-2: Foul Ball, location: 2F 1-2: Ball 2-2: Ball 3-2: Strikes out swinging
|
|
Batting: RHB Robbie Gomez
|
0-0: Ball 1-0: Called Strike 1-1: Called Strike 1-2: Strikes out swinging
|
|
Batting: LHB Tony Olmos
|
0-0: Swinging Strike 0-1: Foul Ball, location: 2F 0-2: Ground out 4-3 (Groundball, 4, EV 87.5 MPH)
|
| Bottom of the 3rd over - 0 runs, 0 hits, 0 errors, 0 left on base; Chicago (APP) 3 - Miami (APP) 2 |
| TOP OF THE 4TH |
|
Chicago (APP) Cubs batting - Pitching for Miami (APP) Marlins : RHP Santiago Navarro
|
|
Batting: RHB Andy Villarreal
|
0-0: Called Strike 0-1: Foul Ball, location: 2F 0-2: Strikes out swinging
|
|
Batting: SHB Rob Craft
|
0-0: Called Strike 0-1: Foul Ball, location: 2F 0-2: Strikes out swinging
|
|
Batting: LHB Wilhelm Myers
|
0-0: Foul Ball, location: 2F 0-1: Foul Ball, location: 2F 0-2: Ball 1-2: Strikes out swinging
|
| Top of the 4th over - 0 runs, 0 hits, 0 errors, 0 left on base; Chicago (APP) 3 - Miami (APP) 2 |
| BOTTOM OF THE 4TH |
|
Miami (APP) Marlins batting - Pitching for Chicago (APP) Cubs : RHP Masato Iwase
|
|
Batting: RHB Adrian Bocker
|
0-0: Ground out 6-3 (Groundball, 6, EV 81.9 MPH)
|
|
Batting: RHB Axel Moltke
|
0-0: Ball 1-0: Called Strike 1-1: SINGLE (Flyball, 8LS, EV 97.5 MPH)
|
|
Batting: LHB Freddy Monge
|
0-0: Called Strike 0-1: 2-RUN HOME RUN (Flyball, 78XD, EV 99.4 MPH), Distance : 414 ft
|
|
Batting: RHB Aaron Mamer
|
0-0: SINGLE (Line Drive, 9LM, EV 100.6 MPH)
|
|
Batting: RHB Francisco Valenzuela
|
0-0: Ball 1-0: Ball 2-0: Called Strike 2-1: Called Strike 2-2: 2-RUN HOME RUN (Flyball, 78XD, EV 105.6 MPH), Distance : 418 ft
|
|
Batting: RHB Hektor Luvian
|
0-0: Ball 1-0: Swinging Strike 1-1: Ball 2-1: Ball 3-1: Foul Ball, location: 2F 3-2: Base on Balls
|
|
Pitching: RHP Man-keung Li
|
|
|
Batting: RHB Terrell Smith
|
0-0: Foul Ball, location: 2F 0-1: Ball 1-1: Foul Ball, location: 2F 1-2: Ball 2-2: Foul Ball, location: 2F 2-2: Ball Wild Pitch! Hektor Luvian to second 3-2: Strikes out swinging
|
|
Batting: RHB Robbie Gomez
|
0-0: Ball 1-0: Foul Ball, location: 2F 1-1: Foul Ball, location: 2F 1-2: Ball 2-2: SINGLE (Line Drive, 78S, EV 99.4 MPH) Hektor Luvian to third Runner from 3rd tries for Home, SAFE, throw by LF to home
|
|
Batting: LHB Tony Olmos
|
0-0: Called Strike 0-1: Ball Robbie Gomez steals 2nd base 1-1: Swinging Strike 1-2: Strikes out swinging passed ball, reaches first! Robbie Gomez to third
|
|
Batting: RHB Adrian Bocker
|
0-0: Swinging Strike 0-1: Foul Ball, location: 2F 0-2: Ball 1-2: Ground out 4-3 (Groundball, 34S, EV 86.9 MPH)
|
| Bottom of the 4th over - 5 runs, 5 hits, 0 errors, 2 left on base; Chicago (APP) 3 - Miami (APP) 7 |
| TOP OF THE 5TH |
|
Chicago (APP) Cubs batting - Pitching for Miami (APP) Marlins : RHP Santiago Navarro
|
|
Batting: LHB Eddie Panagos
|
0-0: Ball 1-0: Foul Ball, location: 2F 1-1: Swinging Strike 1-2: Ball 2-2: Ball 3-2: Base on Balls
|
|
Batting: SHB Jim Lloyd
|
0-0: Ball 1-0: Called Strike 1-1: Ball 2-1: Foul Ball, location: 2F 2-2: Ball 3-2: Foul Ball, location: 2F 3-2: Base on Balls Eddie Panagos to second
|
|
Batting: RHB Lencho Otieno
|
0-0: Ball 1-0: Ball 2-0: Ball 3-0: Called Strike 3-1: Base on Balls Eddie Panagos to third Jim Lloyd to second
|
|
Batting: RHB Andy Baumhardt
|
0-0: Ball 1-0: Called Strike 1-1: Ball 2-1: Ball 3-1: Called Strike 3-2: Base on Balls Eddie Panagos scores Jim Lloyd to third Lencho Otieno to second
|
|
Batting: LHB Jose Mafano
|
0-0: Swinging Strike 0-1: Ball 1-1: Fielders Choice at 2nd, 5-4 (Groundball, 56, EV 86.2 MPH) Jim Lloyd scores Lencho Otieno to third
|
|
Batting: RHB Jorge Gonzalez
|
0-0: Called Strike 0-1: Ball 1-1: Foul Ball, location: 2F 1-2: Strikes out swinging
|
|
Batting: RHB Andy Villarreal
|
0-0: Foul Ball, location: 2F 0-1: Called Strike 0-2: Ball 1-2: Ball 2-2: Foul Ball, location: 2F 2-2: Ground out 5-3 (Groundball, 56S, EV 84.4 MPH)
|
| Top of the 5th over - 2 runs, 0 hits, 0 errors, 2 left on base; Chicago (APP) 5 - Miami (APP) 7 |
| BOTTOM OF THE 5TH |
|
Miami (APP) Marlins batting - Pitching for Chicago (APP) Cubs : RHP Man-keung Li
|
|
Batting: RHB Axel Moltke
|
0-0: Ball 1-0: SOLO HOME RUN (Line Drive, 9D, EV 101.2 MPH), Distance : 380 ft
|
|
Batting: LHB Freddy Monge
|
0-0: DOUBLE (Line Drive, 9LD, EV 113.8 MPH)
|
|
Batting: RHB Aaron Mamer
|
0-0: Ground out 1-3 (Groundball, 13S, EV 67.5 MPH) Freddy Monge to third
|
|
Batting: RHB Francisco Valenzuela
|
0-0: Ball 1-0: Ball 2-0: Foul Ball, location: 2F 2-1: Ground out 6-3 (Groundball, 6, EV 100.0 MPH) Freddy Monge scores
|
|
Batting: RHB Hektor Luvian
|
0-0: Ball 1-0: Ball 2-0: Foul Ball, location: 2F 2-1: Called Strike 2-2: Ball 3-2: Strikes out swinging
|
| Bottom of the 5th over - 2 runs, 2 hits, 0 errors, 0 left on base; Chicago (APP) 5 - Miami (APP) 9 |
| TOP OF THE 6TH |
|
Chicago (APP) Cubs batting - Pitching for Miami (APP) Marlins : RHP Santiago Navarro
|
|
Batting: SHB Rob Craft
|
0-0: Ground out 5-3 (Groundball, 6, EV 107.5 MPH)
|
|
Batting: LHB Wilhelm Myers
|
0-0: Ball 1-0: Ball 2-0: Ground out 4-3 (Groundball, 34, EV 87.5 MPH)
|
|
Batting: LHB Eddie Panagos
|
0-0: Ball 1-0: Foul Ball, location: 2F 1-1: Foul Ball, location: 2F 1-2: Strikes out swinging
|
| Top of the 6th over - 0 runs, 0 hits, 0 errors, 0 left on base; Chicago (APP) 5 - Miami (APP) 9 |
| BOTTOM OF THE 6TH |
|
Miami (APP) Marlins batting - Pitching for Chicago (APP) Cubs : RHP Man-keung Li
|
|
Batting: RHB Terrell Smith
|
0-0: Ball 1-0: Ball 2-0: Ball 3-0: Called Strike 3-1: Base on Balls
|
|
Batting: RHB Robbie Gomez
|
0-0: Ball 1-0: Ball Passed Ball! Terrell Smith to second 2-0: Called Strike 2-1: Foul Ball, location: 2F 2-2: SINGLE (Line Drive, 8RS, EV 101.9 MPH) Terrell Smith to third Runner from 3rd tries for Home, SAFE, throw by CF to home
|
|
Batting: LHB Tony Olmos
|
0-0: Ball 1-0: Ball 2-0: 2-RUN HOME RUN (Flyball, 89XD, EV 108.1 MPH), Distance : 424 ft
|
|
Pitching: RHP Joshua Vincent
|
|
|
Batting: RHB Adrian Bocker
|
0-0: Called Strike 0-1: Foul Ball, location: 2F 0-2: Ball 1-2: Strikes out swinging
|
|
Batting: RHB Axel Moltke
|
0-0: Ball 1-0: Called Strike 1-1: Foul Ball, location: 2F 1-2: Strikes out swinging
|
|
Batting: LHB Freddy Monge
|
0-0: Ball 1-0: Called Strike 1-1: Ball 2-1: Foul Ball, location: 2F 2-2: Strikes out swinging
|
| Bottom of the 6th over - 3 runs, 2 hits, 0 errors, 0 left on base; Chicago (APP) 5 - Miami (APP) 12 |
| TOP OF THE 7TH |
|
Chicago (APP) Cubs batting - Pitching for Miami (APP) Marlins : RHP Santiago Navarro
|
|
Batting: SHB Jim Lloyd
|
0-0: Called Strike 0-1: Foul Ball, location: 2F 0-2: Strikes out swinging
|
|
Batting: RHB Lencho Otieno
|
0-0: Ball 1-0: Ground out 6-3 (Groundball, 6S, EV 81.9 MPH)
|
|
Batting: RHB Andy Baumhardt
|
0-0: Ball 1-0: Foul Ball, location: 2F 1-1: Swinging Strike 1-2: Ball 2-2: Ball 3-2: Foul Ball, location: 2F 3-2: Fly out, F7 (Line Drive, 7, EV 93.8 MPH)
|
| Top of the 7th over - 0 runs, 0 hits, 0 errors, 0 left on base; Chicago (APP) 5 - Miami (APP) 12 |
| BOTTOM OF THE 7TH |
|
Miami (APP) Marlins batting - Pitching for Chicago (APP) Cubs : RHP Joshua Vincent
|
|
Batting: RHB Aaron Mamer
|
0-0: Called Strike 0-1: Ball 1-1: Ball 2-1: Swinging Strike 2-2: Strikes out swinging
|
|
Batting: RHB Francisco Valenzuela
|
0-0: Ball 1-0: Called Strike 1-1: Foul Ball, location: 2F 1-2: Ball 2-2: Strikes out swinging
|
|
Batting: RHB Hektor Luvian
|
0-0: Ground out 6-3 (Groundball, 6, EV 83.8 MPH)
|
| Bottom of the 7th over - 0 runs, 0 hits, 0 errors, 0 left on base; Chicago (APP) 5 - Miami (APP) 12 |
| TOP OF THE 8TH |
|
Chicago (APP) Cubs batting - Pitching for Miami (APP) Marlins : RHP Santiago Navarro
|
|
Pitching: RHP Freddie Robe
|
|
|
Batting: LHB Jose Mafano
|
0-0: Called Strike 0-1: Ball 1-1: Fly out, F8 (Flyball, 8LXD, EV 99.4 MPH)
|
|
Batting: RHB Jorge Gonzalez
|
0-0: Ball 1-0: Foul Ball, location: 2F 1-1: Ball 2-1: Fly out, F9 (Flyball, 89M, EV 97.5 MPH)
|
|
Batting: RHB Andy Villarreal
|
0-0: Ball 1-0: Called Strike 1-1: Swinging Strike 1-2: Ball 2-2: Foul Ball, location: 2F 2-2: Ball 3-2: Strikes out swinging
|
| Top of the 8th over - 0 runs, 0 hits, 0 errors, 0 left on base; Chicago (APP) 5 - Miami (APP) 12 |
| BOTTOM OF THE 8TH |
|
Miami (APP) Marlins batting - Pitching for Chicago (APP) Cubs : RHP Joshua Vincent
|
|
Batting: RHB Terrell Smith
|
0-0: Foul Ball, location: 2F 0-1: Ground out 6-3 (Groundball, 56D, EV 101.2 MPH)
|
|
Batting: RHB Robbie Gomez
|
0-0: Swinging Strike 0-1: Ball 1-1: Swinging Strike 1-2: Ball 2-2: Strikes out looking
|
|
Batting: LHB Tony Olmos
|
0-0: Ball 1-0: Called Strike 1-1: Ball 2-1: Ball 3-1: Foul Ball, location: 2F 3-2: Strikes out looking
|
| Bottom of the 8th over - 0 runs, 0 hits, 0 errors, 0 left on base; Chicago (APP) 5 - Miami (APP) 12 |
| TOP OF THE 9TH |
|
Chicago (APP) Cubs batting - Pitching for Miami (APP) Marlins : RHP Freddie Robe
|
|
Batting: SHB Rob Craft
|
0-0: Ball 1-0: Foul Ball, location: 2F 1-1: Swinging Strike 1-2: Foul Ball, location: 2F 1-2: Foul Ball, location: 2F 1-2: Ball 2-2: Strikes out looking
|
|
Pitching: RHP Carlos Segura
|
|
|
Batting: LHB Wilhelm Myers
|
0-0: Foul Ball, location: 2F 0-1: Called Strike 0-2: Foul Ball, location: 2F 0-2: Ball 1-2: Strikes out swinging
|
|
Batting: LHB Eddie Panagos
|
0-0: Called Strike 0-1: Swinging Strike 0-2: Strikes out swinging
|
| Top of the 9th over - 0 runs, 0 hits, 0 errors, 0 left on base; Chicago (APP) 5 - Miami (APP) 12 |
|